| TOP OF THE 1ST |
|
Toronto Blue Jays batting - Pitching for New York Yankees : RHP Kyle Johnson
|
|
Pitching: RHP Kyle Johnson
|
|
|
Batting: LHB Jon Schick
|
0-0: Foul Ball, location: 2F 0-1: Ball 1-1: Ball 2-1: Called Strike 2-2: Ball 3-2: Foul Ball, location: 2F 3-2: SINGLE (Groundball, 6MD, EV 107.5 MPH)
|
|
Batting: SHB Dylan Novakowski
|
0-0: Ball 1-0: Grounds into double play, 4-6-3 (Groundball, 34, EV 81.3 MPH)
|
|
Batting: SHB Zory Larikov
|
0-0: Foul Ball, location: 2F 0-1: Ground out 2-3 (Groundball, 15S, EV 73.1 MPH)
|
| Top of the 1st over - 0 runs, 1 hit, 0 errors, 0 left on base; Toronto 0 - New York 0 |
| BOTTOM OF THE 1ST |
|
New York Yankees batting - Pitching for Toronto Blue Jays : RHP Larry Legros
|
|
Pitching: RHP Larry Legros
|
|
|
Batting: LHB Jordan de Jesus
|
0-0: Ball 1-0: Foul Ball, location: 2F 1-1: Ball 2-1: Fly out, F3 (Line Drive, 3, EV 63.1 MPH)
|
|
Batting: RHB C.J. Richerson
|
0-0: Ball 1-0: Ball 2-0: Foul Ball, location: 2F 2-1: Swinging Strike 2-2: Foul Ball, location: 2F 2-2: Strikes out swinging
|
|
Batting: SHB Bartholomeu Chambino
|
0-0: Ball 1-0: Ball 2-0: Ball 3-0: Called Strike 3-1: Fly out, F8 (Flyball, 8LM, EV 91.3 MPH)
|
| Bottom of the 1st over - 0 runs, 0 hits, 0 errors, 0 left on base; Toronto 0 - New York 0 |
| TOP OF THE 2ND |
|
Toronto Blue Jays batting - Pitching for New York Yankees : RHP Kyle Johnson
|
|
Batting: RHB Ruben Velasco
|
0-0: Called Strike 0-1: Ball 1-1: Called Strike 1-2: Foul Ball, location: 2F 1-2: Ball 2-2: Foul Ball, location: 2F 2-2: Ground out U3 (Groundball, 34, EV 105.0 MPH)
|
|
Batting: RHB Kirk Arp
|
0-0: Ball 1-0: Called Strike 1-1: Fly out, F9 (Flyball, 89S, EV 81.9 MPH)
|
|
Batting: RHB Shigem Kubo
|
0-0: Foul Ball, location: 2F 0-1: Called Strike 0-2: Foul Ball, location: 2F 0-2: Fly out, F8 (Flyball, 8LD, EV 75.0 MPH)
|
| Top of the 2nd over - 0 runs, 0 hits, 0 errors, 0 left on base; Toronto 0 - New York 0 |
| BOTTOM OF THE 2ND |
|
New York Yankees batting - Pitching for Toronto Blue Jays : RHP Larry Legros
|
|
Batting: LHB David Bramble
|
0-0: Ball 1-0: SINGLE (Groundball, 3D, EV 95.6 MPH)
|
|
Batting: LHB Evan Torraville
|
0-0: Ball 1-0: Swinging Strike 1-1: 2-RUN HOME RUN (Flyball, 9D, EV 93.1 MPH), Distance : 361 ft
|
|
Batting: LHB Jim Skare
|
0-0: Ball 1-0: Ground out 6-3 (Groundball, 6, EV 88.1 MPH)
|
|
Batting: LHB Yao-pang Tien
|
0-0: Ball 1-0: Ground out 1-3 (Groundball, 13S, EV 61.9 MPH)
|
|
Batting: SHB Billy Durham
|
0-0: Ground out 4-3 (Groundball, 4, EV 85.0 MPH)
|
| Bottom of the 2nd over - 2 runs, 2 hits, 0 errors, 0 left on base; Toronto 0 - New York 2 |
| TOP OF THE 3RD |
|
Toronto Blue Jays batting - Pitching for New York Yankees : RHP Kyle Johnson
|
|
Batting: RHB Adam Burke
|
0-0: Ball 1-0: Ball 2-0: Called Strike 2-1: Ball 3-1: SINGLE (Line Drive, 8LS, EV 91.3 MPH)
|
|
Batting: LHB Isto Mäyrä
|
0-0: Ball 1-0: Ball 2-0: Fly out, F5 (Popup, 5S, EV 71.3 MPH)
|
|
Batting: RHB Cole Zelinski
|
0-0: Called Strike 0-1: Ball 1-1: Ball 2-1: DOUBLE (Line Drive, 78D, EV 103.1 MPH) Adam Burke to third
|
|
Batting: LHB Jon Schick
|
0-0: Called Strike 0-1: SINGLE (Groundball, 5L, EV 105.0 MPH) (infield hit) Adam Burke scores Cole Zelinski to third
|
|
Batting: SHB Dylan Novakowski
|
0-0: Ball Jon Schick is caught stealing 2nd base 2-6 1-0: DOUBLE (Flyball, 78XD, EV 111.3 MPH) Cole Zelinski scores
|
|
Batting: SHB Zory Larikov
|
0-0: DOUBLE (Line Drive, 78D, EV 100.0 MPH) Dylan Novakowski scores
|
|
Batting: RHB Ruben Velasco
|
0-0: Called Strike 0-1: Ball 1-1: Foul Ball, location: 2F 1-2: Fly out, F7 (Flyball, 7LM, EV 90.0 MPH)
|
| Top of the 3rd over - 3 runs, 5 hits, 0 errors, 1 left on base; Toronto 3 - New York 2 |
| BOTTOM OF THE 3RD |
|
New York Yankees batting - Pitching for Toronto Blue Jays : RHP Larry Legros
|
|
Batting: RHB Kai Bellow
|
0-0: Foul Ball, location: 2F 0-1: Ball 1-1: Foul Ball, location: 2F 1-2: Ball 2-2: Fly out, F9 (Flyball, 9S, EV 89.4 MPH)
|
|
Batting: LHB Jordan de Jesus
|
0-0: Ball 1-0: Ball 2-0: Ball 3-0: Called Strike 3-1: Base on Balls
|
|
Batting: RHB C.J. Richerson
|
0-0: Ball 1-0: SINGLE (Groundball, 56S, EV 75.6 MPH) (infield hit) Jordan de Jesus to second
|
|
Batting: SHB Bartholomeu Chambino
|
0-0: Called Strike 0-1: Ball 1-1: Ball 2-1: Ball 3-1: DOUBLE (Flyball, 78XD, EV 91.9 MPH) Jordan de Jesus scores C.J. Richerson to third
|
|
Batting: LHB David Bramble
|
0-0: Called Strike 0-1: TRIPLE (Flyball, 89XD, EV 112.5 MPH) C.J. Richerson scores Bartholomeu Chambino scores
|
|
Batting: LHB Evan Torraville
|
0-0: Called Strike 0-1: Fly out, F8 (Flyball, 8RD, EV 93.1 MPH) Runner from 3rd tags up, SCORES, throw by CF
|
|
Batting: LHB Jim Skare
|
0-0: Ball 1-0: Swinging Strike 1-1: Foul Ball, location: 2F 1-2: Ball 2-2: Ball 3-2: Foul Ball, location: 2F 3-2: Ground out 3-1 (Groundball, 34, EV 84.4 MPH)
|
| Bottom of the 3rd over - 4 runs, 3 hits, 0 errors, 0 left on base; Toronto 3 - New York 6 |
| TOP OF THE 4TH |
|
Toronto Blue Jays batting - Pitching for New York Yankees : RHP Kyle Johnson
|
|
Batting: RHB Kirk Arp
|
0-0: Ball 1-0: Ground out 6-3 (Groundball, 6, EV 102.5 MPH)
|
|
Batting: RHB Shigem Kubo
|
0-0: Ball 1-0: Ball 2-0: Called Strike 2-1: Fly out, F9 (Flyball, 9S, EV 83.8 MPH)
|
|
Batting: RHB Adam Burke
|
0-0: Ball 1-0: Foul Ball, location: 2F 1-1: Foul Ball, location: 2F 1-2: Ball 2-2: Strikes out swinging
|
| Top of the 4th over - 0 runs, 0 hits, 0 errors, 0 left on base; Toronto 3 - New York 6 |
| BOTTOM OF THE 4TH |
|
New York Yankees batting - Pitching for Toronto Blue Jays : RHP Larry Legros
|
|
Batting: LHB Yao-pang Tien
|
0-0: Ball 1-0: Ground out 3-1 (Groundball, 34S, EV 78.1 MPH)
|
|
Batting: SHB Billy Durham
|
0-0: Foul Ball, location: 2F 0-1: Ball 1-1: Foul Ball, location: 2F 1-2: Strikes out swinging
|
|
Batting: RHB Kai Bellow
|
0-0: Ball 1-0: Ball 2-0: Ball 3-0: Base on Balls
|
|
Pitching: LHP Jon Valdovinos
|
|
|
Batting: LHB Jordan de Jesus
|
0-0: Ball 1-0: Called Strike 1-1: Swinging Strike 1-2: Foul Ball, location: 2F 1-2: Ground out 1-3 (Groundball, 15S, EV 72.5 MPH)
|
| Bottom of the 4th over - 0 runs, 0 hits, 0 errors, 1 left on base; Toronto 3 - New York 6 |
| TOP OF THE 5TH |
|
Toronto Blue Jays batting - Pitching for New York Yankees : RHP Kyle Johnson
|
|
Batting: LHB Isto Mäyrä
|
0-0: Ball 1-0: Ground out U3 (Groundball, 3, EV 85.6 MPH)
|
|
Batting: RHB Cole Zelinski
|
0-0: Swinging Strike 0-1: Ground out 6-3 (Groundball, 6, EV 80.6 MPH)
|
|
Batting: LHB Jon Schick
|
0-0: Swinging Strike 0-1: Foul Ball, location: 2F 0-2: Ball 1-2: Foul Ball, location: 2F 1-2: Foul Ball, location: 2F 1-2: Ball 2-2: Ball 3-2: Fly out, F7 (Flyball, 78M, EV 90.6 MPH)
|
| Top of the 5th over - 0 runs, 0 hits, 0 errors, 0 left on base; Toronto 3 - New York 6 |
| BOTTOM OF THE 5TH |
|
New York Yankees batting - Pitching for Toronto Blue Jays : LHP Jon Valdovinos
|
|
Batting: RHB C.J. Richerson
|
0-0: Ball 1-0: SINGLE (Groundball, 34D, EV 100.0 MPH)
|
|
Batting: SHB Bartholomeu Chambino
|
0-0: Ball 1-0: Called Strike 1-1: Ball 2-1: Ball 3-1: Base on Balls C.J. Richerson to second
|
|
Batting: LHB David Bramble
|
0-0: Fielders Choice at 2nd, 2-6 (Groundball, 13S, EV 76.3 MPH) C.J. Richerson to third
|
|
Batting: LHB Evan Torraville
|
0-0: Ball 1-0: Foul Ball, location: 2F 1-1: Ball 2-1: Ball 3-1: Called Strike 3-2: Foul Ball, location: 2F 3-2: Strikes out looking
|
|
Batting: LHB Jim Skare
|
0-0: Ball 1-0: Ground out 6-3 (Groundball, 6M, EV 84.4 MPH)
|
| Bottom of the 5th over - 0 runs, 1 hit, 0 errors, 2 left on base; Toronto 3 - New York 6 |
| TOP OF THE 6TH |
|
Toronto Blue Jays batting - Pitching for New York Yankees : RHP Kyle Johnson
|
|
Batting: SHB Dylan Novakowski
|
0-0: Ground out 1-3 (Groundball, 15S, EV 68.8 MPH)
|
|
Batting: SHB Zory Larikov
|
0-0: Foul Ball, location: 2F 0-1: Ball 1-1: Foul Ball, location: 2F 1-2: Strikes out swinging
|
|
Batting: RHB Ruben Velasco
|
0-0: Foul Ball, location: 2F 0-1: Ball 1-1: Foul Ball, location: 2F 1-2: Ball 2-2: Foul Ball, location: 2F 2-2: Foul Ball, location: 2F 2-2: Foul Ball, location: 2F 2-2: Ball 3-2: SINGLE (Groundball, 5D, EV 101.9 MPH)
|
|
Batting: RHB Kirk Arp
|
0-0: Ball 1-0: Called Strike Ruben Velasco steals 2nd base 1-1: Fly out, F8 (Line Drive, 8LD, EV 95.6 MPH)
|
| Top of the 6th over - 0 runs, 1 hit, 0 errors, 1 left on base; Toronto 3 - New York 6 |
| BOTTOM OF THE 6TH |
|
New York Yankees batting - Pitching for Toronto Blue Jays : LHP Jon Valdovinos
|
|
Batting: LHB Yao-pang Tien
|
0-0: Called Strike 0-1: Swinging Strike 0-2: Ball 1-2: Strikes out swinging
|
|
Batting: SHB Billy Durham
|
0-0: Fly out, F3 (Popup, 3SF, EV 80.6 MPH)
|
|
Batting: RHB Kai Bellow
|
0-0: Foul Ball, location: 2F 0-1: Ball 1-1: Ground out 5-3 (Groundball, 56S, EV 65.6 MPH)
|
| Bottom of the 6th over - 0 runs, 0 hits, 0 errors, 0 left on base; Toronto 3 - New York 6 |
| TOP OF THE 7TH |
|
Toronto Blue Jays batting - Pitching for New York Yankees : RHP Kyle Johnson
|
|
Batting: RHB Shigem Kubo
|
0-0: Ball 1-0: Ball 2-0: Called Strike 2-1: Foul Ball, location: 2F 2-2: Ball 3-2: Foul Ball, location: 2F 3-2: Foul Ball, location: 2F 3-2: Fly out, F8 (Flyball, 8LXD, EV 98.1 MPH)
|
|
Batting: RHB Adam Burke
|
0-0: Ball 1-0: Ball 2-0: Called Strike 2-1: Ball 3-1: Fly out, F5 (Line Drive, 5, EV 70.6 MPH)
|
|
Batting: LHB Isto Mäyrä
|
0-0: Ground out 4-3 (Groundball, 4, EV 76.3 MPH)
|
| Top of the 7th over - 0 runs, 0 hits, 0 errors, 0 left on base; Toronto 3 - New York 6 |
| BOTTOM OF THE 7TH |
|
New York Yankees batting - Pitching for Toronto Blue Jays : LHP Jon Valdovinos
|
|
Pitching: RHP John Mathis
|
|
|
Batting: LHB Jordan de Jesus
|
0-0: Called Strike 0-1: Called Strike 0-2: Ball 1-2: Fly out, F7 (Flyball, 78S, EV 89.4 MPH)
|
|
Pitching: LHP Katsumi Omura
|
|
|
Batting: RHB C.J. Richerson
|
0-0: Ball 1-0: Called Strike 1-1: DOUBLE (Line Drive, 89M, EV 103.1 MPH)
|
|
Batting: SHB Bartholomeu Chambino
|
0-0: Ground out 6-3 (Groundball, 6, EV 98.1 MPH)
|
|
Batting: LHB David Bramble
|
0-0: Ball 1-0: Swinging Strike 1-1: Ground out 6-3 (Groundball, 6, EV 86.9 MPH)
|
| Bottom of the 7th over - 0 runs, 1 hit, 0 errors, 1 left on base; Toronto 3 - New York 6 |
| TOP OF THE 8TH |
|
Toronto Blue Jays batting - Pitching for New York Yankees : RHP Kyle Johnson
|
|
Pinch Hitting: SHB Matt Altieri
|
0-0: Called Strike 0-1: Ball 1-1: Ball 2-1: Fly out, F7 (Flyball, 7, EV 93.1 MPH)
|
|
Batting: LHB Jon Schick
|
0-0: Called Strike 0-1: Ball 1-1: Ball 2-1: Ball 3-1: Foul Ball, location: 2F 3-2: Base on Balls
|
|
Pitching: LHP Robert Cruz
|
|
|
Batting: SHB Dylan Novakowski
|
0-0: Ball 1-0: Called Strike 1-1: Ball 2-1: Ball 3-1: Base on Balls Jon Schick to second
|
|
Batting: SHB Zory Larikov
|
0-0: Ball 1-0: Ball 2-0: Ball 3-0: Base on Balls Jon Schick to third Dylan Novakowski to second
|
|
Batting: RHB Ruben Velasco
|
0-0: Called Strike 0-1: Ball 1-1: Ball 2-1: Ball 3-1: Fly out, F7 (Flyball, 7LD, EV 82.5 MPH) Runner from 3rd tags up, SCORES, no throw by LF
|
|
Batting: RHB Kirk Arp
|
0-0: Ball 1-0: SINGLE (Groundball, 5S, EV 61.3 MPH) (infield hit) Dylan Novakowski to third Zory Larikov to second
|
|
Batting: RHB Shigem Kubo
|
0-0: Ball 1-0: Foul Ball, location: 2F 1-1: Called Strike 1-2: Ball 2-2: Ball 3-2: Fly out, F9 (Line Drive, 9, EV 96.3 MPH)
|
| Top of the 8th over - 1 run, 1 hit, 0 errors, 3 left on base; Toronto 4 - New York 6 |
| BOTTOM OF THE 8TH |
|
New York Yankees batting - Pitching for Toronto Blue Jays : LHP Katsumi Omura
|
|
Now at 3B: Jerry Jauregui
|
|
|
Batting: LHB Evan Torraville
|
0-0: Swinging Strike 0-1: Foul Ball, location: 2F 0-2: Ball 1-2: Ground out U3 (Groundball, 3, EV 103.1 MPH)
|
|
Batting: LHB Jim Skare
|
0-0: Foul Ball, location: 2F 0-1: Ball 1-1: Foul Ball, location: 2F 1-2: Foul Ball, location: 2F 1-2: Ground out 6-3 (Groundball, 56, EV 78.8 MPH)
|
|
Batting: LHB Yao-pang Tien
|
0-0: Ball 1-0: Ball 2-0: Called Strike 2-1: Foul Ball, location: 2F 2-2: SOLO HOME RUN (Line Drive, 9LD, EV 95.6 MPH), Distance : 340 ft
|
|
Batting: SHB Billy Durham
|
0-0: Ball 1-0: Ground out 6-3 (Groundball, 6, EV 79.4 MPH)
|
| Bottom of the 8th over - 1 run, 1 hit, 0 errors, 0 left on base; Toronto 4 - New York 7 |
| TOP OF THE 9TH |
|
Toronto Blue Jays batting - Pitching for New York Yankees : LHP Robert Cruz
|
|
Pitching: RHP Dave Barry
|
|
|
Batting: RHB Adam Burke
|
0-0: Foul Ball, location: 2F 0-1: Ground out 6-3 (Groundball, 6, EV 86.3 MPH)
|
|
Batting: LHB Isto Mäyrä
|
0-0: Called Strike 0-1: Ball 1-1: Fly out, F8 (Flyball, 78D, EV 97.5 MPH)
|
|
Pinch Hitting: LHB Jesus Romero
|
0-0: Called Strike 0-1: Fly out, F6 (Line Drive, 6, EV 72.5 MPH)
|
| Top of the 9th over - 0 runs, 0 hits, 0 errors, 0 left on base; Toronto 4 - New York 7 |
|